 Dungeon Crawl Stone Soup version 0.19.0-11-g3fc08b3 (webtiles) character file.

56 Malachi the Caller (level 3, -2/24 HPs)
             Began as a Vampire Summoner on Nov 10, 2016.
             Slain by a hobgoblin
             ... wielding a +0 club
              (6 damage)
             ... on level 2 of the Dungeon.
             The game lasted 00:03:09 (1471 turns).

Malachi the Caller (Vampire Summoner)               Turns: 1471, Time: 00:03:10

Health: -2/24      AC:  2    Str:  7    XL:     3   Next: 71%
Magic:  4/7        EV: 12    Int: 18    God:
Gold:   106        SH:  0    Dex: 14    Spells: 1 memorised, 7 levels left

rFire  . . .     SeeInvis +     f - +1 dagger
rCold  . . .     Gourm    .     a - +0 robe
rNeg   + . .     Faith    .     (no shield)
rPois  .         Spirit   .     (no helmet)
rElec  .         Reflect  .     (no cloak)
rCorr  .         Harm     .     (no gloves)
MR     .....                    (no boots)
Stlth  ++........               (no amulet)
                                (no ring)
                                (no ring)

@: no status effects
A: fangs 3, see invisible, unbreathing
a: Bat Form


You were on level 2 of the Dungeon.
You were not thirsty.

You visited 1 branch of the dungeon, and saw 2 of its levels.

You collected 106 gold pieces.

Inventory:

Hand Weapons
 f - a +1 dagger (weapon)
Missiles
 n - 8 poisoned needles
Armour
 a - a +0 robe (worn)
Scrolls
 g - 2 scrolls of teleportation
 i - a scroll of identify
Potions
 c - 2 potions of blood
 h - a potion of flight
 j - a potion of curing {unknown}
 k - a potion of ambrosia {unknown}
 l - a potion of magic {unknown}
 m - a potion of invisibility {unknown}
 o - 2 potions of cure mutation {unknown}
Books
 b - a book of Callings

   Spells                             Type                      Level
   a - Summon Small Mammal            Summoning                    1
   b - Call Imp                       Summoning                    2
   c - Call Canine Familiar           Summoning                    3
   d - Summon Guardian Golem          Hexes/Summoning              3
   e - Summon Lightning Spire         Summoning/Air                4
   f - Summon Ice Beast               Ice/Summoning                4


   Skills:
 - Level 2.1 Dodging
 - Level 3.0 Stealth
 * Level 3.0 Spellcasting
 * Level 4.8 Summonings


You had 7 spell levels left.
You knew the following spells:

 Your Spells              Type           Power        Failure   Level  Hunger
a - Summon Small Mammal   Summ           ###.         1%          1    None


Dungeon Overview and Level Annotations

Branches:
Dungeon (2/15)

Altars:


Innate Abilities, Weirdness & Mutations

You have razor-sharp teeth.
You have supernaturally acute eyesight. (SInv)
You can survive without breathing.


Message History

* * * LOW HITPOINT WARNING * * *
Your quokka bites the rat.
Your rat bites the rat but does no damage.
You are too injured to fight recklessly!
Unknown command.
You are too injured to fight recklessly!
Unknown command.
What are your orders? t - Shout!
Orders for allies: a - Attack new target. r - Retreat! s - Stop attacking. g - Guard the area. f - Follow me.
Anything else - Cancel.
Gang up on whom?
Press: ? - help, Dir - move target cursor, f - rat
Aim: a rat (heavily wounded) Attack!
The rat bites you.
* * * LOW HITPOINT WARNING * * *
Your quokka closely misses the rat.
The hobgoblin hits you with a club.
You die...

.### #..............#..##
...####.....#####....#..#
##...##....## #....#..#
###.#......# ###......##
#........###........#
##.......##........##
##).....#........[#
##.................#
####.<.........r@r....#
#[.......##....gr.....#
.<##.....####.........#
..##...>.####.........#
.........>............#
##.#.....####.........#
...#.....###..........#
.###......##..........# #
#.........#.......##


You could see a hobgoblin, a rat, a friendly quokka and a friendly rat.

Vanquished Creatures
  2 giant cockroaches
  A goblin (D:2)
  3 hobgoblins
  A jackal (D:2)
  A kobold (D:2)
  2 bats
  2 frilled lizards (D:1)
12 creatures vanquished.

Vanquished Creatures (collateral kills)
  Jessica (D:2)
  An adder (D:2)
  3 dart slugs (D:1)
  2 ball pythons (D:1)
  2 bats
  5 hobgoblins
  A jackal (D:2)
  2 kobolds (D:1)
  2 frilled lizards
  3 goblins
  5 rats
27 creatures vanquished.

Grand Total: 39 creatures vanquished

Notes
Turn   | Place    | Note
-------+----------+-------------------------------------------
     0 | D:1      | Malachi the Vampire Summoner began the quest for the Orb.
     0 | D:1      | Reached XP level 1. HP: 13/13 MP: 3/3
   461 | D:1      | Reached XP level 2. HP: 16/19 MP: 1/5
  1095 | D:2      | Noticed Jessica
  1109 | D:2      | Reached XP level 3. HP: 4/24 MP: 1/6
  1112 | D:2      | Killed Jessica
  1471 | D:2      | Slain by a hobgoblin

Skill      XL: |  1  2  3 |
---------------+----------+-----
Spellcasting   | 3 |  3.0
Dodging        | |  2.1
Stealth        | |  3.0
Summonings     | |  4.8

Action                   || total
-------------------------++-------
Melee: Dagger            ||    70
       Bite              ||     9
 Cast: Summon Small Mamm ||    61
  Use: Scroll            ||     4
  Eat: Corpse            ||     5
Armor: Robe              ||    18
Dodge: Dodged            ||    64
